 Dungeon Sprint DCSS version 0.26-a0-665-gefeb406119 (webtiles) character file.

Game seed: 12831030118355343186

3232 olmar the Earth Mage (level 9, -12/68 HPs)
             Began as a Deep Dwarf Earth Elementalist on Oct 14, 2020.
             Was an Initiate of Gozag.
             Mangled by a boulder beetle (58 damage)
             ... in the Dungeon (Sprint VII: "The Pits").
             The game lasted 00:08:18 (2453 turns).

olmar the Earth Mage (DDEE)                         Turns: 2453, Time: 00:08:18

Health: -12/68     AC:  3    Str: 12    XL:     9   Next: 66%
Magic:  3/26       EV: 16    Int: 19    God:    Gozag
Gold:   1965       SH:  0    Dex: 16    Spells: 24/34 levels left

rFire    . . .     SeeInvis .   (no weapon)
rCold    . . .     Faith    .   (no shield)
rNeg     . . .     Spirit   .   c - +0 robe
rPois    .         Reflect  .   u - +0 helmet
rElec    .         Harm     .   (no cloak)
rCorr    .         Rampage  .   (no gloves)
MR       +....     NoTele   +   (no boots)
Stlth    ++........             (no amulet)
HPRegen  0.00/turn              o - +3 ring of evasion
MPRegen  0.20/turn              p - +3 ring of dexterity

@: non-regenerating
A: damage resistance, heal wounds, sense surroundings 2, no regeneration
a: Heal Wounds, Potion Petition, Call Merchant, Bribe Branch, Renounce Religion


You were in the Dungeon.
You worshipped Gozag.
Gozag was most pleased with you.
You visited 1 branch You collected 2340 gold pieces.
You paid 375 gold pieces to Gozag.

Inventory:

Missiles
 b - 5 stones (quivered)
Armour
 c - a +0 robe (worn)
 t - a +3 plate armour
 u - a +0 helmet (worn)
Jewellery
 o - a +3 ring of evasion (left hand)
 p - a +3 ring of dexterity (right hand)
Wands
 m - a wand of polymorph (6)
Scrolls
 i - a scroll of blinking
 j - 3 scrolls of remove curse
 k - 5 scrolls of amnesia
 l - a scroll of summoning
Potions
 a - 3 potions of invisibility
 d - 6 potions of curing
 e - 6 potions of heal wounds
 f - a potion of haste
 g - 4 potions of magic
 h - 3 potions of berserk rage
 n - a potion of lignification {unknown}
 q - 3 potions of brilliance
 r - 2 potions of stabbing
 s - 2 potions of mutation
 v - 2 potions of might


   Skills:
 - Level 2.1 Dodging
 - Level 2.4 Stealth
 + Level 13.3 Spellcasting
 + Level 0.8 Transmutations
 + Level 19.1 Earth Magic


You had 24 spell levels left.
You knew the following spells:

 Your Spells              Type           Power        Failure   Level
a - Sandblast             Erth           ######       0%          1
b - Lee's Rapid Deconstr  Erth           ######....   1%          5
c - Petrify               Tmut/Erth      ######..     1%          4

Your spell library contained the following spells:

 Spells                   Type           Power        Failure   Level
 Passwall                 Tmut/Erth      ######..     1%          2
 Stone Arrow              Conj/Erth      #####.       1%          3


Dungeon Overview and Level Annotations

Branches:
Dungeon (1/1)

Altars:
Ashenzari
Cheibriados
Dithmenos
Elyvilon
Fedhas
Gozag
Hepliaklqana
Kikubaaqudgha
Makhleb
Nemelex Xobeh
Okawaru
Qazlal
Ru
Sif Muna
Trog
Uskayaw
Vehumet
Wu Jian
Xom
Yredelemnul
Zin
The Shining One
Beogh
Jiyva
Lugonu


Innate Abilities, Weirdness & Mutations

You are resistant to damage.
You can heal yourself by infusing magical energy.
You passively map the area around you.
You do not regenerate.


Message History

The boulder beetle is severely wounded.
The boulder beetle blinks!
Unknown command.
There is an open door to the Storerooms (Easy) here.
Casting: Lee's Rapid Deconstruction (safe; 1% risk of failure)
Confirm with . or Enter, or press ? or * to list all spells.
Press: ? - help, Dir - move target cursor A metal wall.
The metal wall shatters!
The blast of metal fragments hits the boulder beetle!
The boulder beetle is almost dead.
Unknown command.
Unknown command.
Evoke which item? (* to show all) (? for menu, Esc to quit)
Okay, then.
The boulder beetle curls into a ball and begins rolling!
The boulder beetle hits you!!!
Ouch! That really hurt!
You die...
Your body crumbles into a pile of gold.

############ , ,
#_________.# ,,,
#_________.# +
#_______...###########++
##########'##...........
#.?..')))'.##......#..#.
##########.##...........
#.))....B○○○°...........
#)#####@#####°.....#..#.
#)#.)#...'.##...........
#)#..#...#.#####'#####.+
#)#..#####.##.......##.+
#.#..'..)#.##.......##..
#.#..)...'.##.......##.$
#.#..########...<...###$
#)#..'.)))[##.......# ##
#.#..#.)))[##.......#**☼


You could see a boulder beetle.

Vanquished Creatures
  A deep elf mage (D)
  A black mamba (D)
  An efreet (D)
  An ice devil (D)
  5 blink frogs (D)
  A redback (D)
  A wraith (D)
  A water moccasin (D)
  Duvessa (D)
  A phantom (D)
  A gnoll sergeant (D)
  Dowan (D)
  A jelly (D)
  A crimson imp (D)
  A hound (D)
  A gnoll shaman (D)
  2 orc priests (D)
  3 orc wizards (D)
  A worker ant (D)
  4 gnolls (D)
  A white imp (D)
  An ooze (D)
  An adder skeleton (D)
  A worm (D)
  9 orcs (D)
  A bat (D)
  A bat zombie (D)
  2 giant cockroaches (D)
  A goblin (D)
  4 kobolds (D)
  A quokka zombie (D)
53 creatures vanquished.

Notes
Turn   | Place    | Note
-------+----------+-------------------------------------------
     0 | D        | olmar the Deep Dwarf Earth Elementalist began the quest for
                  | the Orb.
     0 | D        | Reached XP level 1. HP: 15/15 MP: 3/3
     9 | D        | Reached skill level 5 in Earth Magic
    34 | D        | Found a glowing golden altar of the Shining One.
    34 | D        | Found a glowing silver altar of Zin.
    34 | D        | Found a basalt altar of Yredelemnul.
    34 | D        | Found a shimmering altar of Xom.
    34 | D        | Found an ornate altar of the Wu Jian Council.
    34 | D        | Found a bloodstained altar of Trog.
    34 | D        | Found a shimmering blue altar of Sif Muna.
    34 | D        | Found a sacrificial altar of Ru.
    34 | D        | Found a stormy altar of Qazlal.
    34 | D        | Found an iron altar of Okawaru.
    34 | D        | Found a sparkling altar of Nemelex Xobeh.
    34 | D        | Found a burning altar of Makhleb.
    34 | D        | Found a viscous altar of Jiyva.
    34 | D        | Found a hazy altar of Hepliaklqana.
    34 | D        | Found an opulent altar of Gozag.
    34 | D        | Found a blossoming altar of Fedhas.
    34 | D        | Found a white marble altar of Elyvilon.
    34 | D        | Found a shadowy altar of Dithmenos.
    34 | D        | Found a snail-covered altar of Cheibriados.
    35 | D        | Found a radiant altar of Vehumet.
    35 | D        | Found a corrupted altar of Lugonu.
    35 | D        | Found a roughly hewn altar of Beogh.
    36 | D        | Found an ancient bone altar of Kikubaaqudgha.
    36 | D        | Found a hide-covered altar of Uskayaw.
    36 | D        | Found a broken altar of Ashenzari.
    38 | D        | Became a worshipper of Gozag Ym Sagoz the Greedy
    81 | D        | Reached skill level 6 in Earth Magic
    82 | D        | Reached XP level 2. HP: 22/22 MP: 1/5
   254 | D        | Noticed a gnoll sergeant
   268 | D        | Reached skill level 7 in Earth Magic
   331 | D        | Reached skill level 8 in Earth Magic
   331 | D        | Reached XP level 3. HP: 28/28 MP: 5/8
   334 | D        | Reached skill level 9 in Earth Magic
   334 | D        | Reached XP level 4. HP: 36/36 MP: 4/10
   380 | D        | Killed a gnoll sergeant
   380 | D        | Reached skill level 5 in Spellcasting
   380 | D        | Reached skill level 10 in Earth Magic
   380 | D        | Reached XP level 5. HP: 40/42 MP: 3/13
   389 | D        | Reached skill level 11 in Earth Magic
   587 | D        | Noticed Duvessa
   587 | D        | Noticed Dowan
   605 | D        | Killed Duvessa
   605 | D        | Reached skill level 12 in Earth Magic
   605 | D        | Reached XP level 6. HP: 47/49 MP: 11/16
   612 | D        | Learned a level 5 spell: Lee's Rapid Deconstruction
   619 | D        | Killed Dowan
   694 | D        | Reached skill level 13 in Earth Magic
  1165 | D        | Reached skill level 14 in Earth Magic
  1167 | D        | Reached XP level 7. HP: 53/55 MP: 2/19
  1376 | D        | Noticed a redback
  1376 | D        | Noticed a blink frog
  1376 | D        | Noticed a blink frog
  1379 | D        | Killed a blink frog
  1379 | D        | Reached skill level 15 in Earth Magic
  1379 | D        | Noticed a blink frog
  1380 | D        | Killed a redback
  1380 | D        | Reached skill level 10 in Spellcasting
  1380 | D        | Killed a blink frog
  1380 | D        | Reached skill level 16 in Earth Magic
  1380 | D        | Reached XP level 8. HP: 60/62 MP: 9/22
  1553 | D        | Killed a blink frog
  1554 | D        | Noticed a blink frog
  1558 | D        | Killed a blink frog
  1558 | D        | Killed a blink frog
  1558 | D        | Reached skill level 17 in Earth Magic
  1724 | D        | Learned a level 4 spell: Petrify
  1934 | D        | Noticed an efreet
  1940 | D        | Killed an efreet
  1940 | D        | Reached skill level 18 in Earth Magic
  1940 | D        | Gained mutation: You passively map the area around you.
                  | [Deep Dwarf growth]
  1940 | D        | Reached XP level 9. HP: 66/68 MP: 3/25
  1940 | D        | Noticed a black mamba
  2093 | D        | Killed a black mamba
  2256 | D        | Killed an ice devil
  2279 | D        | Noticed a deep elf mage
  2280 | D        | Killed a deep elf mage
  2280 | D        | Reached skill level 19 in Earth Magic
  2408 | D        | Noticed a boulder beetle
  2453 | D        | Mangled by a boulder beetle

Illustrated notes

Levels and vault maps discovered:
D:        pitsprint [storerooms_1, entrance_room_1, metal_vault_5, armoury_3,
          mini_pit_1, grid_room_1, main_hall_1, silver_pit, the_coven_1,
          the_vestibule_1, steel_vault_4, golden_pit, hallway_of_sentries,
          crystal_vault_1, iron_vault_2, final_vault]

Skill      XL: |  1  2  3  4  5  6  7  8  9 |
---------------+----------------------------+-----
Spellcasting   | 2 3 4 5 7 8 10 12 13 | 13.3
Earth Magic    | 6 8 9 10 12 14 16 18 19 | 19.1
Dodging        | |  2.1
Stealth        | |  2.4
Transmutations | |  0.8

Action                   |  1- 3 |  4- 6 |  7- 9 || total
-------------------------+-------+-------+-------++-------
 Cast: Sandblast         |    18 |    17 |       ||    35
       Lee's Rapid Decon |       |     8 |    23 ||    31
Invok: Potion Petition   |     1 |       |       ||     1
Armor: Robe              |       |       |     1 ||     1
Dodge: Dodged            |     1 |     3 |     2 ||     6

Table legend: (Time is in decaauts)
 A = Elapsed time spent in this place.
 B = Non-inter-level travel time spent in this place.
 C = Inter-level travel time spent in this place.
 D = Time resting spent in this place.
 E = Time spent auto-exploring this place.
 F = Levels seen in this place.
 G = Mean time per level.
                   A        B        C        D        E       F      G
               +--------+--------+--------+--------+--------+-----+--------+
         Total |   2452 |   2406 |     46 |   1926 |     20 |   1 | 2452.0 |
       Dungeon |   2452 |   2406 |     46 |   1926 |     20 |   1 | 2452.0 |
               +--------+--------+--------+--------+--------+-----+--------+

Top non-repeatable levels by time:
       D: 2452 daAuts
